[Event "Titled Tuesday Blitz July 25 Early 2023"]
[White "vishwa_vijeta"]
[Black "Omariev, Maksim"]
[BlackFideId "4193423"]
[WhiteElo "2542"]
[BlackElo "2400"]
[Result "1-0"]
[Round "5"]
[TimeControl "180+2"]
[Date "2023.07.25"]
[WhiteClock "0:00:42"]
[BlackClock "0:00:00"]
[Board "126"]

1. e4 c5 2. Nf3 d6 3. d4 cxd4 4. Nxd4 Nf6 5. Nc3 a6 6. Bg5 e6 7. f4 Nbd7 8. Qf3 Qc7 9. O-O-O b5 10. g4 Bb7 11. Bd3 b4 12. Nce2 Be7 13. Bxf6 Nxf6 14. g5 Nd7 15. h4 g6 16. f5 gxf5 17. Qe3 fxe4 18. Bxe4 Bxe4 19. Qxe4 d5 20. Qe3 O-O-O 21. Kb1 Ne5 22. Nf4 Nc4 23. Qf3 Kb8 24. Rhe1 Rd6 25. Nf5 exf5 26. Nxd5 Rxd5 27. Rxd5 f4 28. Qd3 Ne3 29. Rd7 Qc5 30. Qe4 1-0


[Site "https://www.chess.com"]

[Event "Titled Tuesday Blitz July 25 Early 2023"]
[White "Eggleston, Thomas A"]
[Black "Gontcharov, Vladislav"]
[WhiteFideId "412139"]
[BlackFideId "4123492"]
[WhiteElo "2397"]
[BlackElo "2539"]
[Result "1/2-1/2"]
[Round "5"]
[TimeControl "180+2"]
[Date "2023.07.25"]
[WhiteClock "0:00:17"]
[BlackClock "0:00:27"]
[Board "127"]

1. e4 e6 2. d4 d5 3. Nd2 Nf6 4. e5 Nfd7 5. Bd3 c5 6. c3 Nc6 7. Ne2 cxd4 8. cxd4 f6 9. exf6 Nxf6 10. Nf3 Bd6 11. O-O Qc7 12. Ng3 O-O 13. Re1 h6 14. a3 g5 15. b4 a6 16. Bb2 Qg7 17. Ne5 Ne7 18. Nh5 Nxh5 19. Qxh5 Nf5 20. Ng4 Kh7 21. Ne3 Kg8 22. Bxf5 exf5 23. Nxd5 Bd7 24. Rac1 Be8 25. Qe2 Bc6 26. Ne7+ Bxe7 27. Qxe7 Qxe7 28. Rxe7 Rf7 29. Re6 Kh7 30. d5 Bxd5 31. Rd6 Bc6 32. Re1 Re8 33. Rxe8 Bxe8 34. h4 Bb5 35. Be5 f4 36. hxg5 hxg5 37. f3 Rd7 38. Rxd7+ Bxd7 39. Kf2 Kg6 40. g3 Kf5 41. Bb8 fxg3+ 42. Bxg3 Bb5 43. Ke3 Bc6 44. Bh2 Ke6 45. f4 g4 46. Bg3 Kf5 47. Kd4 Bg2 48. Ke3 Ke6 49. Kd4 Bf3 50. Bf2 Bc6 51. Bg3 Bb5 52. Bf2 Be2 53. Bg3 Bf3 54. Bf2 Bc6 55. Bg3 Kf5 56. Ke3 Kg6 57. Kd4 Kf6 58. Ke3 Ke6 59. Kd4 1/2-1/2


[Site "https://www.chess.com"]

[Event "Titled Tuesday Blitz July 25 Early 2023"]
[White "Harriott, Tyrell"]
[Black "Andreev, Konstantin"]
[WhiteFideId "2086484"]
[BlackFideId "24239305"]
[WhiteElo "2382"]
[BlackElo "2536"]
[Result "0-1"]
[Round "5"]
[TimeControl "180+2"]
[Date "2023.07.25"]
[WhiteClock "0:00:09"]
[BlackClock "0:00:05"]
[Board "128"]

1. d4 Nf6 2. e3 d5 3. Bd3 c5 4. c3 Nc6 5. f4 Ne4 6. Nd2 Nxd2 7. Bxd2 g6 8. Nf3 Bg7 9. O-O b6 10. Ne5 Qc7 11. Qa4 Bb7 12. Bb5 Bxe5 13. fxe5 O-O 14. Rae1 a6 15. Bd3 b5 16. Qd1 c4 17. Bc2 Rad8 18. Qg4 Kh8 19. Qh4 Qd7 20. e4 dxe4 21. Bxe4 Qe6 22. Bc1 Na5 23. Bb1 Bd5 24. Bh6 Rg8 25. Rf2 f5 26. Re3 Qf7 27. Rh3 Rde8 28. Bg5 Rg7 29. Bh6 Rgg8 30. Qf4 Nc6 31. Rg3 Nd8 32. Qh4 Ne6 33. Bd2 Ref8 34. Bh6 Re8 35. Re3 a5 36. Re1 b4 37. g4 g5 38. Qh3 f4 39. Kf1 bxc3 40. bxc3 Rb8 41. Bf5 f3 42. Rxf3 Bxf3 43. Qxf3 Rb6 44. Qd5 Nd8 45. Qc5 Rxh6 46. Kg1 Rc6 47. Qb5 e6 48. Be4 Rc7 49. Rf1 Qg7 50. Qb6 Rf7 51. Re1 Rgf8 52. Qxa5 Rf4 53. Bg2 Rxg4 54. Kh1 Rgf4 55. Rg1 Rf2 56. Qb4 Qf7 57. Qxc4 Qf4 58. a4 Qd2 59. a5 Qa2 60. a6 Qxc4 61. a7 Rxg2 62. a8=Q Rxg1+ 63. Kxg1 Qf1# 0-1


[Site "https://www.chess.com"]

[Event "Titled Tuesday Blitz July 25 Early 2023"]
[White "Terletsky, Oleg"]
[Black "Namitbir Singh Walia"]
[WhiteFideId "14116774"]
[BlackFideId "35071068"]
[WhiteElo "2536"]
[BlackElo "2379"]
[Result "1/2-1/2"]
[Round "5"]
[TimeControl "180+2"]
[Date "2023.07.25"]
[WhiteClock "0:00:07"]
[BlackClock "0:00:03"]
[Board "129"]

1. e4 c5 2. Nf3 Nc6 3. d4 cxd4 4. Nxd4 g6 5. c4 Nf6 6. Nc3 Nxd4 7. Qxd4 d6 8. f3 Bg7 9. Be3 O-O 10. Qd2 Be6 11. Rc1 Qa5 12. b3 Rfc8 13. Be2 a6 14. Na4 Qxd2+ 15. Kxd2 Nd7 16. Rc2 f5 17. exf5 Bxf5 18. Bd3 Bxd3 19. Kxd3 b5 20. Nb6 Nxb6 21. Bxb6 Rc6 22. Bd4 e5 23. Be3 bxc4+ 24. bxc4 Rac8 25. Rhc1 Kf7 26. f4 Ke6 27. fxe5 Bxe5 28. h3 Rf8 29. Rf2 Rxf2 30. Bxf2 Rc7 31. Rb1 Rf7 32. Be3 Bf4 33. Rb6 Bxe3 34. Kxe3 Rc7 35. Kd4 Rc5 36. Rxa6 Rg5 37. g4 h5 38. gxh5 Rxh5 39. a4 Rh4+ 40. Kc3 Rxh3+ 41. Kb4 Rh1 42. c5 Rb1+ 43. Ka3 Rd1 44. c6 Rc1 45. Kb2 Rc5 46. a5 Kd5 47. Ra8 Kxc6 48. a6 Kb6 49. Rg8 g5 50. Rg6 Rd5 51. Kc3 Kxa6 52. Kc4 Rc5+ 53. Kd4 Kb5 54. Rxd6 g4 55. Rg6 Rc4+ 56. Ke5 Kb4 57. Kf5 Kc3 58. Rxg4 Rxg4 59. Kxg4 1/2-1/2


[Site "https://www.chess.com"]

[Event "Titled Tuesday Blitz July 25 Early 2023"]
[White "TomLiu777"]
[Black "Bilan, Danila"]
[BlackFideId "24161918"]
[WhiteElo "2368"]
[BlackElo "2532"]
[Result "1-0"]
[Round "5"]
[TimeControl "180+2"]
[Date "2023.07.25"]
[WhiteClock "0:00:38"]
[BlackClock "0:00:00"]
[Board "130"]

1. c4 c6 2. e4 d5 3. exd5 cxd5 4. d4 a6 5. Nc3 Nf6 6. Bg5 dxc4 7. Bxc4 b5 8. Qf3 Ra7 9. Bb3 Bb7 10. d5 Nbd7 11. Nge2 g6 12. Nd4 Bg7 13. O-O-O Nc5 14. Nc6 Bxc6 15. dxc6 Qc7 16. Bf4 Qc8 17. c7 O-O 18. Qc6 Nxb3+ 19. axb3 Ra8 20. Rhe1 Qg4 21. Be5 Rfc8 22. Qxa8 Rxa8 23. Rd8+ Bf8 24. Rxa8 1-0


[Site "https://www.chess.com"]

[Event "Titled Tuesday Blitz July 25 Early 2023"]
[White "Llanos, Guillermo"]
[Black "Garakov, Mikhael"]
[WhiteFideId "100358"]
[BlackFideId "4169034"]
[WhiteElo "2368"]
[BlackElo "2531"]
[Result "1/2-1/2"]
[Round "5"]
[TimeControl "180+2"]
[Date "2023.07.25"]
[WhiteClock "0:00:04"]
[BlackClock "0:00:03"]
[Board "131"]

1. Nf3 c5 2. g3 b6 3. Bg2 Bb7 4. O-O Nf6 5. c4 e6 6. Nc3 Be7 7. d4 cxd4 8. Qxd4 d6 9. Bg5 a6 10. Rad1 Nbd7 11. Bxf6 Nxf6 12. Nd2 Bxg2 13. Kxg2 Rc8 14. Nde4 Rc6 15. Qd3 O-O 16. b3 Qa8 17. Kg1 Rfc8 18. Nxf6+ Bxf6 19. Ne4 Be7 20. a4 Qb7 21. Rd2 Rd8 22. Qf3 Rc7 23. Rfd1 Rcd7 24. h4 b5 25. axb5 axb5 26. cxb5 Qxb5 27. Rd3 d5 28. Ng5 Bf6 29. Qh5 h6 30. Nf3 Qb8 31. Qg4 e5 32. Ne1 e4 33. R3d2 Qe5 34. e3 d4 35. exd4 Rxd4 36. Rxd4 Rxd4 37. Rxd4 Qxd4 38. Qc8+ Kh7 39. Qc2 g6 40. Kg2 Kg7 41. Qc4 Qe5 42. Nc2 Be7 43. Ne3 Bc5 44. Qd5 Qe7 45. Nc4 Ba7 46. Ne5 Qf6 47. Ng4 Qf3+ 48. Kh2 Bxf2 49. Qe5+ Kf8 50. Qd6+ Kg7 51. Qe5+ Kf8 52. Qd6+ Kg7 53. Qe5+ 1/2-1/2


[Site "https://www.chess.com"]

[Event "Titled Tuesday Blitz July 25 Early 2023"]
[White "Chor, Kevin"]
[Black "Slavin, Alexey"]
[WhiteFideId "2090740"]
[BlackFideId "24104388"]
[WhiteElo "2530"]
[BlackElo "2366"]
[Result "1-0"]
[Round "5"]
[TimeControl "180+2"]
[Date "2023.07.25"]
[WhiteClock "0:00:07"]
[BlackClock "0:00:11"]
[Board "132"]

1. e4 Nc6 2. Nf3 d6 3. Bc4 Nf6 4. d3 Bg4 5. Nbd2 e5 6. h3 Bh5 7. g4 Bg6 8. Nf1 Na5 9. Bb3 Nxb3 10. axb3 Be7 11. Ng3 h5 12. g5 Nd7 13. Nf5 Bf8 14. Be3 a6 15. N3h4 c6 16. Nxg6 fxg6 17. Nh4 Be7 18. Nxg6 Rh7 19. Rg1 Nf8 20. Nh4 g6 21. Qd2 Rf7 22. O-O-O Qd7 23. Rg3 d5 24. exd5 cxd5 25. d4 e4 26. Kb1 Bd6 27. Rgg1 Qxh3 28. Rh1 Qd7 29. Qa5 Rc8 30. Qxd5 Qc6 31. Qxc6+ Rxc6 32. d5 Rcc7 33. c4 b5 34. Rd4 Rfe7 35. Re1 Bb4 36. d6 Bxe1 37. dxc7 Rxc7 38. Rxe4+ Kf7 39. Bb6 Rc6 40. Rxe1 Rxb6 41. c5 Rc6 42. b4 a5 43. Nf3 Nd7 44. Rd1 Ke6 45. Nd4+ Kd5 46. Nxc6+ Kxc6 47. Rd6+ Kc7 48. Rxg6 axb4 49. Rg7 Kc6 50. Rxd7 Kxd7 51. g6 Ke6 52. g7 Kf7 53. c6 Kxg7 54. c7 b3 55. c8=Q Kg6 56. Qc6+ 1-0


[Site "https://www.chess.com"]

[Event "Titled Tuesday Blitz July 25 Early 2023"]
[White "Smiechu"]
[Black "Santos Flores, Alberto"]
[BlackFideId "3601234"]
[WhiteElo "2361"]
[BlackElo "2529"]
[Result "0-1"]
[Round "5"]
[TimeControl "180+2"]
[Date "2023.07.25"]
[WhiteClock "0:00:00"]
[BlackClock "0:00:22"]
[Board "133"]

1. e4 e6 2. d4 d5 3. Bd3 dxe4 4. Bxe4 Nf6 5. Bf3 Bd6 6. Ne2 O-O 7. O-O e5 8. dxe5 Bxe5 9. Nbc3 c6 10. Bf4 Qxd1 11. Raxd1 Bxf4 12. Nxf4 Bf5 13. Rd2 Na6 14. Nce2 Rad8 15. Rfd1 Rxd2 16. Rxd2 Ne4 17. Bxe4 Bxe4 18. Ng3 Bg6 19. h4 f6 20. Nxg6 hxg6 21. Ne4 Re8 22. f3 Re7 23. c3 Nc7 24. Rd8+ Kh7 25. Kf2 Nd5 26. g3 Nb6 27. b3 Rd7 28. Re8 Nd5 29. c4 Nb4 30. c5 Nxa2 31. Nd6 Nc1 32. b4 Nd3+ 33. Ke3 Nxb4 34. Kd4 b6 35. Kc4 Na6 36. Ne4 Nxc5 37. Nxc5 bxc5 38. Re3 Rd5 39. Ra3 g5 40. hxg5 Rxg5 41. g4 f5 42. gxf5 Rxf5 43. Rxa7 Rxf3 44. Kxc5 Rc3+ 45. Kd4 Rc1 46. Kd3 Kh6 47. Kd2 Rc5 48. Re7 g5 49. Ke2 Kh5 50. Kf3 Rc3+ 51. Kg2 Kh4 52. Re4+ g4 53. Re8 Rc2+ 54. Kf1 c5 55. Re3 c4 56. Re8 Kh3 57. Rg8 c3 0-1


[Site "https://www.chess.com"]

[Event "Titled Tuesday Blitz July 25 Early 2023"]
[White "Andrews, Todd"]
[Black "Eynullayev, Atilla"]
[WhiteFideId "2012456"]
[BlackFideId "13413570"]
[WhiteElo "2356"]
[BlackElo "2526"]
[Result "0-1"]
[Round "5"]
[TimeControl "180+2"]
[Date "2023.07.25"]
[WhiteClock "0:00:04"]
[BlackClock "0:00:37"]
[Board "134"]

1. e4 c5 2. Nf3 d6 3. d4 cxd4 4. Nxd4 Nf6 5. Nc3 a6 6. Bc4 e6 7. Bb3 Nbd7 8. Qe2 Nc5 9. g4 Be7 10. g5 Nfd7 11. h4 Qc7 12. Be3 b5 13. Bd5 exd5 14. Nxd5 Qb7 15. Nf5 Bf8 16. Bd4 Ne5 17. f4 Bxf5 18. fxe5 Bxe4 19. Nc3 Bxh1 20. exd6+ Ne6 21. O-O-O Bf3 22. d7+ Kd8 23. Bb6+ Qxb6 24. Qxf3 Ra7 25. Qxf7 Bd6 26. Nd5 Rxd7 27. Qxe6 Qc6 28. Kb1 Re8 29. Qf5 Re5 30. Qxh7 Bf8 31. Qg8 Rexd5 32. Qxf8+ Kc7 33. Rc1 Kb7 34. a3 Rd1 35. b3 Rxc1+ 36. Kxc1 Rc7 37. Qf5 Qc5 38. Qe4+ Kb6 39. Kb2 a5 40. h5 Qxg5 41. Qd4+ Qc5 42. Qe4 a4 43. Qg6+ Ka7 44. b4 Qc3+ 45. Kb1 Qxa3 46. Qd6 Qc3 0-1


[Site "https://www.chess.com"]

[Event "Titled Tuesday Blitz July 25 Early 2023"]
[White "Dwilewicz, Katarzyna"]
[Black "Tokman, Ariel"]
[WhiteFideId "1148486"]
[BlackFideId "117420"]
[WhiteElo "2351"]
[BlackElo "2522"]
[Result "0-1"]
[Round "5"]
[TimeControl "180+2"]
[Date "2023.07.25"]
[WhiteClock "0:00:00"]
[BlackClock "0:00:03"]
[Board "135"]

1. e4 e6 2. d4 d5 3. Nd2 Nf6 4. e5 Nfd7 5. Bd3 c5 6. c3 a6 7. Ne2 b5 8. O-O Bb7 9. f4 g6 10. Nf3 Nc6 11. b3 Qb6 12. Be3 cxd4 13. cxd4 Be7 14. Kh1 h5 15. Qd2 Bb4 16. Qb2 Qa5 17. a3 Be7 18. a4 Qb6 19. Rac1 bxa4 20. Rc3 a3 21. Qb1 Rc8 22. Bxg6 Nb4 23. Rxc8+ Bxc8 24. Bd3 a5 25. Nc3 Nxd3 26. Qxd3 Ba6 27. Qd1 Bxf1 28. Qxf1 Qxb3 29. Bd2 a2 30. f5 exf5 31. Qa1 Bb4 32. Nxa2 Rg8 33. Nxb4 a4 34. h3 a3 35. Kh2 Nb6 36. Qa2 Qxa2 37. Nxa2 Nc4 38. Bb4 Kd7 39. Ne1 Kc6 40. Nd3 Kb5 41. Kg1 Ka4 42. Ndc1 Rb8 43. Kf2 Rxb4 44. Nxb4 Kxb4 45. Kf3 Kc3 46. Kf4 Kc2 47. Na2 Kb2 48. Nb4 Kb3 49. Nd3 Kc3 50. Nc1 Kxd4 51. Kxf5 Kc3 52. g4 hxg4 53. hxg4 d4 54. g5 d3 55. e6 fxe6+ 56. Kxe6 d2 57. Na2+ Kb3 58. g6 Kxa2 59. g7 d1=Q 60. g8=Q Qb3 61. Qg2+ Nd2+ 62. Kd6 Qc2 63. Kd5 Kb1 64. Qg1+ Qc1 65. Qb6+ Qb2 66. Qg1+ Kc2 67. Qc5+ Qc3 68. Qa7 Nb1 0-1


[Site "https://www.chess.com"]

[Event "Titled Tuesday Blitz July 25 Early 2023"]
[White "Mindhunter08"]
[Black "K2JW"]
[WhiteElo "2521"]
[BlackElo "2348"]
[Result "1-0"]
[Round "5"]
[TimeControl "180+2"]
[Date "2023.07.25"]
[WhiteClock "0:00:35"]
[BlackClock "0:00:00"]
[Board "136"]

1. e4 c6 2. Nf3 d5 3. Nc3 Bg4 4. h3 Bxf3 5. Qxf3 e6 6. d3 Nd7 7. Bd2 Qb6 8. O-O-O d4 9. Ne2 a5 10. g4 Bc5 11. h4 a4 12. Qg3 Ne7 13. g5 Qa6 14. h5 b5 15. Bg2 O-O-O 16. Kb1 b4 17. Nc1 Kb7 18. f4 Ra8 19. f5 e5 20. f6 gxf6 21. gxf6 Rhg8 22. Qf3 Nc8 23. Bh3 Ncb6 24. Rhg1 b3 25. Rg7 bxc2+ 26. Kxc2 a3 27. b3 Bd6 28. Rxf7 Kc7 29. Qf5 1-0


[Site "https://www.chess.com"]

[Event "Titled Tuesday Blitz July 25 Early 2023"]
[White "Matko, Ognjen"]
[Black "Shturman, Arseniy"]
[WhiteFideId "14509717"]
[BlackFideId "34275797"]
[WhiteElo "2339"]
[BlackElo "2518"]
[Result "1-0"]
[Round "5"]
[TimeControl "180+2"]
[Date "2023.07.25"]
[WhiteClock "0:00:07"]
[BlackClock "0:00:00"]
[Board "137"]

1. f4 d5 2. Nf3 Bg4 3. e3 Nd7 4. Be2 f5 5. d4 Ngf6 6. Ne5 Bxe2 7. Qxe2 e6 8. Nd2 Bd6 9. Ndf3 Ne4 10. O-O Nxe5 11. fxe5 Be7 12. c4 c6 13. b3 O-O 14. a4 Qb6 15. Ba3 Bxa3 16. Rxa3 Qb4 17. Rfa1 a5 18. Ne1 Rac8 19. Nd3 Qe7 20. c5 g5 21. b4 Ra8 22. b5 Kh8 23. Rb3 f4 24. bxc6 bxc6 25. Rab1 Ra7 26. exf4 gxf4 27. Qh5 f3 28. Rb8 f2+ 29. Nxf2 Nxf2 30. Qh6 Kg8 31. R1b3 Ne4 32. Rxf8+ Qxf8 33. Qxe6+ Qf7 34. Rb8+ Kg7 35. Qg4+ Qg6 36. Qc8 Rf7 37. e6 Kh6 38. exf7 Qf5 39. Qxf5 1-0


[Site "https://www.chess.com"]

[Event "Titled Tuesday Blitz July 25 Early 2023"]
[White "Makkar, Rajat"]
[Black "Osinovsky, Stepan"]
[WhiteFideId "36016810"]
[BlackFideId "4157354"]
[WhiteElo "2515"]
[BlackElo "2335"]
[Result "1-0"]
[Round "5"]
[TimeControl "180+2"]
[Date "2023.07.25"]
[WhiteClock "0:02:02"]
[BlackClock "0:00:00"]
[Board "138"]

1. d4 Nf6 2. c4 g6 3. h4 h5 4. Nc3 Bg7 5. e4 d6 6. Nf3 Nbd7 7. Bg5 c5 8. d5 a6 9. a4 Qa5 10. Bd3 Ng4 11. O-O Bxc3 12. bxc3 Qxc3 13. Rc1 Qg7 14. Bd2 f6 15. Qc2 Nde5 16. Be2 Nxf3+ 17. gxf3 Ne5 18. f4 Ng4 19. f3 Nh6 20. Kf2 f5 21. Bc3 Qf8 22. e5 Bd7 23. e6 Bc8 24. Qb2 Rh7 25. Qb6 1-0


[Site "https://www.chess.com"]

[Event "Titled Tuesday Blitz July 25 Early 2023"]
[White "kiwibobo"]
[Black "Sreyas Payyappat"]
[BlackFideId "46674969"]
[WhiteElo "2325"]
[BlackElo "2513"]
[Result "1/2-1/2"]
[Round "5"]
[TimeControl "180+2"]
[Date "2023.07.25"]
[WhiteClock "0:00:16"]
[BlackClock "0:00:26"]
[Board "139"]

1. e4 c6 2. d4 d5 3. Nc3 dxe4 4. Nxe4 Nf6 5. Nxf6+ exf6 6. c3 Bd6 7. Bd3 O-O 8. Qc2 Re8+ 9. Ne2 h5 10. Be3 Nd7 11. O-O-O Nf8 12. Kb1 Be6 13. c4 Rc8 14. a3 b5 15. c5 Be7 16. Nf4 b4 17. axb4 Rb8 18. b5 Qa5 19. d5 cxd5 20. Bd4 Rec8 21. Rc1 Nd7 22. Nxe6 fxe6 23. Bh7+ Kf8 24. c6 Qxb5 25. Qd3 Qxd3+ 26. Bxd3 Ne5 27. c7 Nxd3 28. cxb8=Q Rxb8 29. Rc7 e5 30. Rd1 Nf4 31. Bxa7 Rb5 32. Be3 Nxg2 33. Rd7 d4 34. Bc1 Nh4 35. Rg1 Nf5 36. Rd1 e4 37. R1xd4 Nxd4 38. Rxd4 f5 39. Kc2 Bf6 40. Rd7 g5 41. Rh7 h4 42. Rh5 Kg7 43. Bxg5 Rxb2+ 44. Kc1 Rxf2 45. Bxf6+ Kxf6 46. Rxh4 Kg5 47. Rh8 e3 48. Kd1 f4 49. Ke1 f3 50. Re8 Re2+ 51. Kf1 Kf4 52. Rf8+ Ke4 53. Re8+ Kd4 54. Rd8+ Kc4 55. Rc8+ Kb5 56. Rb8+ Ka6 57. Re8 Kb7 58. h4 Kc7 59. h5 Kd7 60. Re4 Kd6 61. h6 Rf2+ 62. Ke1 Kd5 63. Rxe3 Rh2 64. Rxf3 Rxh6 65. Rf2 Rh1+ 66. Ke2 Ke4 67. Rf1 Rh2+ 68. Rf2 Rh8 69. Rg2 Ra8 70. Rg4+ Kf5 71. Rc4 Ra2+ 72. Kd3 Ke5 73. Rc3 Kd5 74. Rb3 Rh2 75. Rb5+ Kc6 76. Rg5 Rh3+ 77. Ke4 Rh4+ 78. Kf5 Kd6 79. Rg6+ Ke7 80. Rg7+ Kf8 81. Rg5 Ra4 82. Kg6 Kg8 83. Rf5 Ra6+ 84. Rf6 Ra1 85. Rb6 Rg1+ 86. Kf5 Kh7 87. Kf6 Rf1+ 88. Ke5 Kg7 89. Rb7+ Kg6 90. Rb6+ Kg5 91. Kd6 Rf5 92. Kc7 Rf7+ 93. Kc6 Rf8 94. Rb7 Kg6 95. Kc7 Rf6 96. Rb6 Kf7 97. Rxf6+ Kxf6 1/2-1/2


[Site "https://www.chess.com"]

[Event "Titled Tuesday Blitz July 25 Early 2023"]
[White "Jaskolka, Tomasz"]
[Black "arturdailima"]
[WhiteFideId "1170791"]
[WhiteElo "2513"]
[BlackElo "2320"]
[Result "1-0"]
[Round "5"]
[TimeControl "180+2"]
[Date "2023.07.25"]
[WhiteClock "0:00:32"]
[BlackClock "0:01:04"]
[Board "140"]

1. e4 c5 2. Nf3 e6 3. c3 Nf6 4. e5 Nd5 5. d4 cxd4 6. cxd4 d6 7. Bc4 Nc6 8. O-O Be7 9. Nc3 Nxc3 10. bxc3 O-O 11. Bd3 dxe5 12. dxe5 b6 13. Qe2 Qc7 14. Bg5 Bb7 15. Rfe1 h6 16. Bf4 Na5 17. Rac1 Rfd8 18. Nd4 a6 19. Qg4 Kh8 20. Re3 Rxd4 21. Rg3 Bf8 22. cxd4 Qd8 23. Bxh6 g6 24. Bg5 Rc8 25. Bxd8 Rxc1+ 26. Bf1 1-0


[Site "https://www.chess.com"]

[Event "Titled Tuesday Blitz July 25 Early 2023"]
[White "Huynh, Lam Binh Nguyen"]
[Black "only_strong_moves"]
[WhiteFideId "12401633"]
[WhiteElo "2311"]
[BlackElo "2513"]
[Result "0-1"]
[Round "5"]
[TimeControl "180+2"]
[Date "2023.07.25"]
[WhiteClock "0:00:19"]
[BlackClock "0:00:12"]
[Board "141"]

1. d4 d5 2. Bf4 Nf6 3. e3 e6 4. c3 c5 5. Nd2 Nc6 6. Ngf3 Nh5 7. Bg5 f6 8. Bh4 g6 9. Bd3 cxd4 10. cxd4 Bd6 11. O-O O-O 12. Rc1 Bd7 13. Bb1 Rc8 14. Nb3 b6 15. a3 Qe7 16. Qd3 a5 17. Ba2 a4 18. Nbd2 Na7 19. Rxc8 Rxc8 20. Qa6 Bb5 21. Qxb6 Rb8 22. Qa5 Bxf1 23. Nxf1 Rxb2 24. Bxd5 exd5 25. Qxd5+ Kh8 26. Ne5 Rb5 27. Qa8+ Rb8 28. Qd5 Bxe5 29. dxe5 Qxe5 30. Qd7 Nb5 31. g4 Ng7 32. Bg3 Qe8 33. Qd3 Rd8 34. Qc4 Nxa3 35. Qb4 Nc2 36. Qb2 Rc8 37. Qxf6 Qf8 38. Qb2 a3 39. Qa2 Nb4 40. Qb3 Nc6 41. h4 Ra8 42. Qa2 Qg8 43. Qa1 Qb3 44. h5 Qb2 45. Qd1 gxh5 46. Qd5 Qf6 47. g5 Qg6 48. Qa2 Qxg5 49. Kh2 h4 50. Bf4 Qg6 51. Nd2 Qe6 52. Qa1 a2 53. Bh6 Qe5+ 54. Qxe5 Nxe5 55. Ne4 a1=Q 56. Ng5 Qf1 57. Ne4 h3 58. Kg3 Qg2+ 59. Kf4 Ng6# 0-1


[Site "https://www.chess.com"]

[Event "Titled Tuesday Blitz July 25 Early 2023"]
[White "ATM622"]
[Black "rionelG"]
[WhiteElo "2509"]
[BlackElo "2304"]
[Result "1-0"]
[Round "5"]
[TimeControl "180+2"]
[Date "2023.07.25"]
[WhiteClock "0:00:09"]
[BlackClock "0:00:10"]
[Board "142"]

1. d4 Nf6 2. c4 g6 3. g3 Bg7 4. Bg2 O-O 5. Nf3 d6 6. O-O Nc6 7. Nc3 a6 8. b3 Rb8 9. Bb2 b5 10. cxb5 axb5 11. Rc1 Na5 12. Re1 b4 13. Nb1 Bb7 14. Nbd2 Ne4 15. Nxe4 Bxe4 16. Ng5 Bxg2 17. Kxg2 e5 18. Nh3 exd4 19. Bxd4 c5 20. Bxg7 Kxg7 21. Nf4 Qf6 22. e4 Nc6 23. Qg4 Qe5 24. Rcd1 h5 25. Qd7 Nd4 26. Nd5 Ra8 27. Rd2 Ra3 28. f4 Qe6 29. Qb7 Qg4 30. Re3 h4 31. Qe7 Rfa8 32. Qf6+ Kg8 33. Qxd6 h3+ 34. Kf1 Kg7 35. Qe5+ Kf8 36. Qh8# 1-0


[Site "https://www.chess.com"]

[Event "Titled Tuesday Blitz July 25 Early 2023"]
[White "Kaplan, Avi Harrison"]
[Black "Zaksaite, Salomeja"]
[WhiteFideId "30934559"]
[BlackFideId "12801496"]
[WhiteElo "2509"]
[BlackElo "2296"]
[Result "1-0"]
[Round "5"]
[TimeControl "180+2"]
[Date "2023.07.25"]
[WhiteClock "0:00:50"]
[BlackClock "0:01:32"]
[Board "143"]

1. h3 e5 2. a3 d5 3. c4 Nf6 4. d3 dxc4 5. Qa4+ Nc6 6. Qxc4 Be7 7. Nf3 O-O 8. g3 Be6 9. Qc2 Bd5 10. e4 Be6 11. Be2 h6 12. g4 Nh7 13. b4 Ng5 14. Nbd2 Nd4 15. Nxd4 Qxd4 16. Bb2 Qd6 17. h4 Nh7 18. g5 hxg5 19. hxg5 Bxg5 20. d4 exd4 21. e5 Qxe5 22. Qxh7# 1-0


[Site "https://www.chess.com"]

[Event "Titled Tuesday Blitz July 25 Early 2023"]
[White "NigelDwarf"]
[Black "Araujo Filho, Luiz Antonio Coel"]
[BlackFideId "2130661"]
[WhiteElo "2507"]
[BlackElo "2286"]
[Result "1-0"]
[Round "5"]
[TimeControl "180+2"]
[Date "2023.07.25"]
[WhiteClock "0:00:14"]
[BlackClock "0:00:14"]
[Board "144"]

1. e4 c6 2. d4 d5 3. e5 Bf5 4. h4 h5 5. c4 e6 6. Nc3 Ne7 7. Bg5 Qb6 8. Qd2 dxc4 9. Bxc4 Nd5 10. Nge2 Nd7 11. Ng3 Bg6 12. O-O Be7 13. Nce4 O-O 14. Bxd5 Bxg5 15. hxg5 cxd5 16. Nf6+ gxf6 17. gxf6 Kh7 18. f4 Rh8 19. f5 exf5 20. Nxf5 Kg8 21. Ne7+ Kf8 22. Nxd5 Qc6 23. Ne7 Qxf6 24. exf6 1-0


[Site "https://www.chess.com"]

[Event "Titled Tuesday Blitz July 25 Early 2023"]
[White "Torres Hernandez, Leslie Carolin"]
[Black "Turzo, Attila"]
[WhiteFideId "8400504"]
[BlackFideId "704954"]
[WhiteElo "2267"]
[BlackElo "2505"]
[Result "0-1"]
[Round "5"]
[TimeControl "180+2"]
[Date "2023.07.25"]
[WhiteClock "0:00:05"]
[BlackClock "0:00:05"]
[Board "145"]

1. e4 d6 2. d4 Nf6 3. Nc3 g6 4. Be3 c6 5. f3 b5 6. Qd2 Nbd7 7. Bh6 Bxh6 8. Qxh6 b4 9. Nd1 c5 10. d5 e6 11. dxe6 fxe6 12. Ne3 Bb7 13. Nc4 Qc7 14. Nh3 d5 15. exd5 exd5 16. O-O-O dxc4 17. Re1+ Kd8 18. Bxc4 Nb6 19. Ng5 Qf4+ 20. Kb1 Qxc4 21. Qg7 Nbd7 22. Ne6+ Qxe6 23. Rxe6 Rg8 24. Qh6 Bd5 25. Ree1 Kc7 26. Rd1 Bc6 27. Qf4+ Kb7 28. Rhe1 Rae8 29. g4 Nd5 30. Qd6 N5b6 31. f4 Nc4 32. Qd3 Ncb6 33. b3 Rgf8 34. f5 gxf5 35. gxf5 Nf6 36. Rxe8 Rxe8 37. Qd6 Nbd7 38. a4 a5 39. Qd2 Re4 40. Re1 Rxe1+ 41. Qxe1 Be4 42. Qf2 Kc6 43. Qf4 Kd5 44. Kc1 Ne5 45. Kd2 h5 46. Qg5 Nf3+ 0-1


[Site "https://www.chess.com"]

[Event "Titled Tuesday Blitz July 25 Early 2023"]
[White "Gardezi, Arsal"]
[Black "Khamdamova, Afruza"]
[WhiteFideId "30949521"]
[BlackFideId "14210444"]
[WhiteElo "2259"]
[BlackElo "2505"]
[Result "0-1"]
[Round "5"]
[TimeControl "180+2"]
[Date "2023.07.25"]
[WhiteClock "0:00:00"]
[BlackClock "0:00:04"]
[Board "146"]

1. c4 e6 2. Nf3 d5 3. d4 Nf6 4. g3 dxc4 5. Nc3 c5 6. Bg2 Nc6 7. e3 cxd4 8. exd4 Be7 9. O-O O-O 10. Be3 Nd5 11. Qa4 Nb6 12. Qc2 Bd7 13. Rfd1 Nb4 14. Qe2 Rc8 15. Ne5 N4d5 16. Rac1 Bc6 17. Nxc6 Rxc6 18. Nb5 a6 19. Nc3 Bf6 20. Ne4 Be7 21. Nd2 Qc8 22. Ne4 Rd8 23. a3 c3 24. bxc3 Nxc3 25. Nxc3 Rxc3 26. Rb1 Nd5 27. a4 Rc2 28. Qg4 Qd7 29. Be4 Rcc8 30. Qh3 Nf6 31. Rxb7 Qxa4 32. Bf3 Rd7 33. Rdb1 Rxb7 34. Rxb7 Bf8 35. d5 Re8 36. dxe6 Rxe6 37. Kg2 Re8 38. Bg5 Qd4 39. Qf5 Qe5 40. Qxe5 Rxe5 41. Bf4 Re8 42. Bc6 Rc8 43. Bf3 a5 44. Ra7 Bb4 45. Bc7 h6 46. Bxa5 Bxa5 47. Rxa5 Rc2 48. Ra8+ Kh7 49. Ra7 Kg8 50. Ra8+ Kh7 51. Ra6 Rc8 52. Ra7 Kg8 53. Be2 Re8 54. Bc4 Rf8 55. Kf3 g6 56. h4 h5 57. Ra6 Kg7 58. Kf4 Rd8 59. Ra7 Rd7 60. Ra4 Rd4+ 61. Ke3 Rg4 62. Kd3 Nd7 63. Ra7 Ne5+ 0-1


[Site "https://www.chess.com"]

[Event "Titled Tuesday Blitz July 25 Early 2023"]
[White "Shubenkova, Veronika"]
[Black "Smietanska, Wiktoria"]
[WhiteFideId "44124040"]
[BlackFideId "21869359"]
[WhiteElo "2505"]
[BlackElo "2230"]
[Result "0-1"]
[Round "5"]
[TimeControl "180+2"]
[Date "2023.07.25"]
[WhiteClock "0:00:55"]
[BlackClock "0:00:21"]
[Board "147"]

1. e4 c5 2. Nc3 a6 3. f4 b5 4. d3 Bb7 5. Nf3 g6 6. g3 Bg7 7. Bg2 e6 8. O-O d5 9. e5 Ne7 10. Rb1 h5 11. Ne2 Qb6 12. Kh1 Nbc6 13. h4 Nf5 14. Kh2 c4 15. d4 b4 16. c3 a5 17. Bd2 O-O 18. Bh3 bxc3 19. bxc3 Qc7 20. g4 hxg4 21. Bxg4 Nh6 22. Bh3 Ne7 23. Rg1 Nef5 24. Ng3 Qe7 25. Nxf5 exf5 26. Rg5 Bc8 27. h5 Ng4+ 28. Bxg4 fxg4 29. Nh4 Bh6 30. Nxg6 fxg6 31. Rxg6+ Kh7 32. Rbb6 Qh4+ 33. Kg2 Qh3+ 34. Kg1 Qg3+ 35. Kh1 Bxf4 36. Bxf4 Qxf4 37. Rh6+ Qxh6 38. Qb1+ Bf5 39. Rxh6+ Kxh6 40. Qb6+ Kxh5 41. Qb7 Be4+ 42. Kh2 Rf2+ 43. Kg1 Rg2+ 44. Kf1 Rf8+ 45. Ke1 Bd3 46. Qh7+ Bxh7 0-1


[Site "https://www.chess.com"]